 Dungeon Crawl Stone Soup version 0.28-a0-1038-g9c4cb8273d (webtiles) character file.

Game seed: 8967903306989528284

319 siradein the Skirmisher (level 6, 0/53 HPs)
             Began as a Draconian Fighter on Dec 8, 2021.
             Slain by an elf zombie (6 damage)
             ... in an ossuary.
             The game lasted 00:03:48 (3479 turns).

siradein the Skirmisher (Draconian Fighter)         Turns: 3479, Time: 00:03:48

Health: 0/53       AC:  6    Str: 18    XL:     6   Next: 21%
Magic:  6/6        EV: 13    Int:  9    God:
Gold:   116        SH:  5    Dex: 12    Spells: 5/5 levels left

rFire   . . .      SeeInvis +   a - +0 flail
rCold   . . .      Faith    .   b - +0 buckler
rNeg    . . .      Spirit   .   (armour unavailable)
rPois   .          Reflect  .   (helmet restricted)
rElec   .          Harm     .   (no cloak)
rCorr   .          Rampage  .   (no gloves)
Will    .....                   (no boots)
Stlth   +.........              (no amulet)
HPRegen 0.17/turn               m - ring of see invisible
MPRegen 0.10/turn               (no ring)

@: no status effects
A: AC +6, unfitting armour, cold-blooded
a: no special abilities


You were in an ossuary.
You visited 1 branch of the dungeon, and saw 4 of its levels.
You also visited: Ossuary.

You collected 116 gold pieces.

Inventory:

Hand Weapons
 a - a +0 flail (weapon)
Missiles
 h - 14 poisoned darts (quivered)
Armour
 b - a +0 buckler (worn)
Jewellery
 m - a ring of see invisible (left hand)
Wands
 n - a wand of iceblast (3)
Scrolls
 d - a scroll of vulnerability {unknown}
 g - 7 scrolls of identify {unknown}
 i - a scroll of fear {unknown}
 p - a scroll of magic mapping {unknown}
Potions
 c - a potion of might
 e - a potion of curing {unknown}
 f - 2 potions of haste {unknown}
 j - a potion of heal wounds
 k - 2 potions of mutation {unknown}
 l - a potion of flight {unknown}
 o - a potion of attraction {unknown}


   Skills:
 + Level 4.7 Fighting
 + Level 3.7 Maces & Flails
 + Level 3.9 Dodging
 + Level 4.2 Shields


You had 5 spell levels left.
You didn't know any spells.
Your spell library contained the following spells:

 Spells                   Type           Power      Damage    Failure   Level
 Slow                     Hex            0%         N/A       38%         1
 Confusing Touch          Hex            0%         N/A       77%         3
 Vampiric Draining        Necr           0%         2d6       77%         3


Dungeon Overview and Level Annotations

Branches:
Dungeon (4/15)            Ossuary (1/1)
 Temple: D:4-7

Altars:

Shops:
D:1 :


Innate Abilities, Weirdness & Mutations

Your plain brown scales are hard. (AC +6)
You cannot fit into any form of body armour.
You are cold-blooded and may be slowed by cold attacks.


Message History

The rat zombie bites you but does no damage.
You hit the rat zombie.
The rat zombie is almost destroyed.
The rat zombie completely misses you.
You hit the rat zombie.
You destroy the rat zombie!
You hit the rat zombie.
The rat zombie is moderately damaged.
You block the rat zombie's attack.
You hit the rat zombie.
The rat zombie is heavily damaged.
The rat zombie misses you.
You sock the rat zombie!
You destroy the rat zombie!
You sock the goblin zombie!
You destroy the goblin zombie!
You sock the goblin zombie!
You destroy the goblin zombie!
You sock the mummy!
The mummy is moderately damaged.
The mummy barely misses you.
You hit the mummy.
You tail-slap the mummy, but do no damage.
The mummy is severely damaged.
The mummy hits you!
* * * LOW HITPOINT WARNING * * *
You barely miss the mummy.
The mummy is severely damaged.
You sock the mummy!
You destroy the mummy!
You hit the elf zombie.
The elf zombie is lightly damaged.
You sock the mummy!
The mummy is severely damaged.
You sock the mummy!
You destroy the mummy!
You hit the elf zombie but do no damage.
The elf zombie is lightly damaged.
The elf zombie hits you.
You die...

### ### ###
####.###.###.####+##
.#.............#^^^#
.'...M.........Z@∩.#
.#.............#^^.#
####.###.###.#######
### ### ###


You could see an elf zombie.

Vanquished Creatures
  A bullfrog (D:3)
  2 hounds
  A jelly (D:4)
  Ijyb (D:2)
  3 mummies (Ossuary)
  An adder (D:2)
  An adder zombie (Ossuary)
  A worm (D:2)
  3 dart slugs
  An orc (D:3)
  7 endoplasms
  2 giant cockroaches (D:2)
  4 hobgoblins
  3 jackals (D:1)
  5 quokkas
  6 ball pythons
  10 bats
  2 frilled lizards (D:2)
  8 goblins
  2 goblin zombies (Ossuary)
  8 kobolds
  5 rats
  2 rat zombies (Ossuary)
79 creatures vanquished.

Notes
Turn   | Place    | Note
-------+----------+-------------------------------------------
     0 | D:1      | siradein the Draconian Fighter began the quest for the Orb.
     0 | D:1      | Reached XP level 1. HP: 19/19 MP: 1/1
   123 | D:1      | Reached XP level 2. HP: 14/26 MP: 2/2
   521 | D:1      | Found Tarak's Book Emporium.
   555 | D:1      | Found a faded altar of an unknown god.
  1053 | D:2      | Reached XP level 3. HP: 22/33 MP: 3/3
  2003 | D:3      | Noticed Ijyb
  2024 | D:3      | HP: 1/33 [Ijyb (4)]
  2049 | D:2      | Reached XP level 4. HP: 4/40 MP: 4/4
  2355 | D:2      | Killed Ijyb
  2883 | D:3      | Reached XP level 5. HP: 46/46 MP: 5/5
  3144 | D:4      | Reached XP level 6. HP: 16/53 MP: 6/6
  3399 | D:4      | Found a sand-covered staircase.
  3424 | Ossuary  | Entered an ossuary
  3479 | Ossuary  | Slain by an elf zombie

Illustrated notes

Levels and vault maps discovered:
D:1:      minmay_arrival_doors, layout_basic, serial_shops, shop,
          shapermc_ecumenical_altar_acropolis
D:2:      layout_basic, kennysheep_generic_room_16
D:3:      layout_rooms, uniq_ijyb
D:4:      layout_gridville, lightli_ossuary_entry_decrepit_ruins
Ossuary:  ossuary_minmay_chase

Skill      XL: |  1  2  3  4  5 |
---------------+----------------+-----
Dodging        | 3 |  3.9
Fighting       | 4 |  4.7
Maces & Flails | 3 |  3.7
Shields        | 4 |  4.2

Action                   |  1- 3 |  4- 6 || total
-------------------------+-------+-------++-------
Melee: Flail             |   133 |   100 ||   233
       Tailslap          |    10 |    13 ||    23
 Stab: Sleeping          |     2 |     2 ||     4
Armor: Skin              |    58 |    27 ||    85
Dodge: Dodged            |    93 |    63 ||   156
Block: Buckler           |    29 |    30 ||    59

Table legend: (Time is in decaauts)
 A = Elapsed time spent in this place.
 B = Non-inter-level travel time spent in this place.
 C = Inter-level travel time spent in this place.
 D = Time resting spent in this place.
 E = Time spent auto-exploring this place.
 F = Levels seen in this place.
 G = Mean time per level.
                   A        B        C        D        E       F      G
               +--------+--------+--------+--------+--------+-----+--------+
         Total |   3546 |   3517 |     29 |    511 |   2355 |   5 |  709.2 |
       Dungeon |   3485 |   3456 |     29 |    511 |   2355 |   4 |  871.2 |
       Ossuary |     60 |     60 |      0 |      0 |      0 |   1 |   60.0 |
               +--------+--------+--------+--------+--------+-----+--------+

Top non-repeatable levels by time:
     D:2: 1544 daAuts
     D:1: 1054 daAuts
     D:3: 570 daAuts
     D:4: 316 daAuts
 Ossuary: 60 daAuts
